 Dungeon Crawl Stone Soup version bcrawl-1.23.3-19-gdc5968f444 (webtiles) character file.

Game seed: 13722330055470413214

177 McFeastMcFlurry the Skirmisher (level 5, -4/72 HPs)
             Began as a Hill Orc Fighter on June 6, 2020.
             Was a Plaything of Xom.
             Slain by Ijyb
             ... wielding a +1 dagger of electrocution
              (17 damage)
             ... on level 3 of the Dungeon.
             The game lasted 00:17:53 (1050 turns).

McFeastMcFlurry the Skirmisher (Hill Orc Fighter)   Turns: 1050, Time: 00:17:54

Health: -4/72      AC: 22    Str: 25    XL:     5   Next: 57%
Magic:  5/5        EV:  1    Int:  8    God:    Xom [..*...]
Gold:   73         SH:  8    Dex: 10    Spells: 4/4 levels left

rFire    . . .     SeeInvis .   h - +0 whip (venom)
rCold    . . .     Gourm    .   c - +0 medium shield
rNeg     + + +     Faith    .   (armour currently unavailable)
rPois    +         Spirit   .   (helmet currently unavailable)
rElec    .         Reflect  .   (cloak currently unavailable)
rCorr    .         Harm     .   (gloves currently unavailable)
MR       .....     NoTele   +   (boots currently unavailable)
Stlth    +.........             (no amulet)
HPRegen  0.22/turn              (no ring)
MPRegen  0.09/turn              (no ring)

@: mighty, tree-form
A: giant
a: Renounce Religion


You were on level 3 of the Dungeon.
You worshipped Xom.
You were a toy of Xom.
You were hungry.
You were a tree.
You visited 1 branch of the dungeon, and saw 3 of its levels.

You collected 73 gold pieces.

Inventory:

Hand Weapons
 a - a +0 spear
 h - a +0 whip of venom (weapon)
Armour
 b - a +0 scale mail (melded)
 c - a +0 medium shield (worn)
Scrolls
 j - a scroll of blinking {unknown}
Potions
 f - a potion of agility {unknown}
 g - a potion of flight {unknown}
 i - a potion of degeneration {unknown}
 k - a potion of lignification {unknown}
Comestibles
 e - 2 rations {!d}


   Skills:
 + Level 5.1 Fighting
   Level 5.1 Short Blades
   Level 5.1 Long Blades
   Level 5.1 Axes
   Level 5.1 Maces & Flails
   Level 5.1 Polearms
   Level 5.1 Staves
 + Level 4.4 Armour
 + Level 0.1 Stealth
 + Level 4.4 Shields
   Level 5.1 Unarmed Combat


You had 4 spell levels left.
You didn't know any spells.
Your spell library was empty.

Dungeon Overview and Level Annotations

Branches:
Dungeon (3/12)

Altars:
Kikubaaqudgha
Xom

Annotations:
D:3 Ijyb


Message History

Ijyb shoots a sling bullet.
The sling bullet barely misses you.
Ijyb shoots a sling bullet.
The sling bullet hits you but does no damage.
Ijyb zaps a wand.
You turn into a tree.
Your +0 scale mail melds into your body.
Your roots penetrate the ground.
Ijyb shoots a sling bullet.
You block the sling bullet.
Ijyb zaps a wand.
You resist with some effort.
Ijyb zaps a wand.
You resist with some effort.
Ijyb shoots a sling bullet.
The sling bullet completely misses you.
Ijyb zaps a wand.
You resist with some effort.
Ijyb zaps a wand.
You resist with some effort.
You are too injured to fight recklessly!
You are too injured to fight recklessly!
Ijyb unwields a +2 hunting sling of freezing.
Ijyb wields a +1 dagger of electrocution.
You hear the crackle of electricity.
You block Ijyb's attack. Ijyb hits you but does no damage.
You are electrocuted!
You die...

#.#.......#.#.#.### #.###
#.#.......#.#.#>..###....
##....._...).....#........
#..#.......#...........###
#..#.......#......#.##.#
#..##.....##.#÷.....##.# #
#..####.####...#..#.##.# #
#..............#..#.##.###
#.######.♣####....# ##.##P
#.......g###.....## ....P
########.###.##..# #.
#.?.......< #.
#####.#...## ###. #....
.... #...# ###. ##.## ##.
...


You could see Ijyb.

Vanquished Creatures
  Purgy (D:3)
  A worker ant (D:3)
  3 adders
  4 dart slugs
  2 leopard geckos
  5 bats
  A hobgoblin (D:1)
  3 kobolds
  2 quokkas
  A ball python (D:2)
  3 frilled lizards (D:1)
  2 goblins
  3 rats
31 creatures vanquished.

Notes
Turn   | Place    | Note
-------+----------+-------------------------------------------
     0 | D:1      | McFeastMcFlurry the Hill Orc Fighter began the quest for
                  | the Orb.
     0 | D:1      | Reached XP level 1. HP: 20/20 MP: 1/1
   139 | D:1      | Reached XP level 2. HP: 28/28 MP: 2/2
   337 | D:2      | Reached XP level 3. HP: 34/34 MP: 3/3
   683 | D:3      | Reached XP level 4. HP: 36/41 MP: 4/4
   692 | D:3      | Found an ancient bone altar of Kikubaaqudgha.
   757 | D:3      | Noticed Purgy
   772 | D:3      | Killed Purgy
   772 | D:3      | Reached skill level 5 in Fighting
   772 | D:3      | Reached XP level 5. HP: 41/48 MP: 5/5
   851 | D:3      | Found a shimmering altar of Xom.
   978 | D:3      | Became a worshipper of Xom of Bloodstained Whimsey
  1003 | D:3      | Noticed Ijyb
  1050 | D:3      | Slain by Ijyb

Skill      XL: |  1  2  3  4 |
---------------+-------------+-----
Fighting       | 5 |  5.1
Armour         | 4 |  4.4
Shields        | 4 |  4.4
Short Blades   | |  5.1
Long Blades    | |  5.1
Axes           | |  5.1
Maces & Flails | |  5.1
Polearms       | |  5.1
Staves         | |  5.1
Stealth        | |  0.1
Unarmed Combat | |  5.1

Action                   |  1- 3 |  4- 6 || total
-------------------------+-------+-------++-------
Melee: War axe           |    46 |       ||    46
       Whip              |    49 |    21 ||    70
       Unarmed           |       |     3 ||     3
  Use: Potion            |       |     1 ||     1
Armor: Scale mail        |    45 |     8 ||    53
       Skin              |       |     3 ||     3
Dodge: Dodged            |    26 |    13 ||    39
Block: Medium shield     |    54 |    19 ||    73
